 Dungeon Crawl Stone Soup version 0.31.0-9-g3a7656b989 (webtiles) character file.

Game seed: 2645144365963685242

387 sizofrenicar the Chopper (level 6, 0/56 HPs)
             Began as a Minotaur Berserker on Feb 6, 2024.
             Was a Believer of Trog.
             Killed by an exploding ogre (5 damage)
             ... ignited by their inner flame
             ... on level 4 of the Dungeon.
             The game lasted 00:15:09 (2649 turns).

sizofrenicar the Chopper (Minotaur Berserker)       Turns: 2649, Time: 00:15:10

Health: 0/56       AC:  9    Str: 23    XL:     6   Next: 49%
Magic:  5/5        EV:  9    Int:  4    God:    Trog [**....]
Gold:   73         SH:  0    Dex: 10    Spells: 5/5 levels left

rFire   . . .        a - +2 hand axe
rCold   . . .        (no shield)
rNeg    . . .        f - +0 chain mail
rPois   .            (helmet restricted)
rElec   .            (no cloak)
rCorr   .            (no gloves)
SInv    .            (no boots)
Will    ++...        (no amulet) Stlth
                     (no ring)
HPRegen 1.29/turn    (no ring)
MPRegen 0.09/turn

%: no passive effects
@: strong-willed, on berserk cooldown, regenerating, slowed, very slow
A: horns 2, retaliatory headbutt
a: Renounce Religion, Berserk, Trog's Hand


You were on level 4 of the Dungeon.
You worshipped Trog.
Trog was pleased with you.
You visited 1 branch of the dungeon, and saw 4 of its levels.

You collected 125 gold pieces.
You spent 52 gold pieces at shops.

Inventory:

Hand Weapons
 a - a +2 hand axe (weapon)
Missiles
 g - 8 poisoned darts
 h - 5 javelins (quivered)
Armour
 b - a +0 animal skin
 f - a +0 chain mail (worn)
Wands
 l - a wand of flame (8)
Scrolls
 c - a scroll of silence {unknown}
 d - a scroll of immolation
 j - a scroll of enchant armour {unknown}
 k - a scroll of blinking {unknown}
 m - 2 scrolls of teleportation {unknown}
Potions
 e - 3 potions of curing {unknown}
 i - 3 potions of lignification {unknown}


   Skills:
 + Level 5.0 Fighting
 + Level 6.7 Axes
 + Level 4.2 Armour
 + Level 3.0 Dodging
 + Level 0.6 Stealth


You had 5 spell levels left.
You didn't know any spells.
Your spell library contained the following spells:

 Spells                   Type           Power      Damage    Failure   Level
 Volatile Blastmotes      Fire/Tloc      0%         2d10      100%        3
 Fulminant Prism          Conj/Alch      0%         3d5       100%        4
 Iskenderun's Mystic Bla  Conj/Tloc      0%         2d3       100%        4


Dungeon Overview and Level Annotations

Branches:
Dungeon (4/15)
 Temple: D:4-7

Altars:

Shops:
D:3 ?

Annotations:
D:3 3 runed translucent doors, mihai's ghost, amateur DjFE


Innate Abilities, Weirdness & Mutations

You have a pair of horns on your head.
You reflexively headbutt those who attack you in melee.


Message History

The ogre completely misses you. You furiously retaliate!
You headbutt the ogre. You slash the ogre! You headbutt the ogre!
The ogre is almost dead.
You barely miss the gnoll. You hit the gnoll. The gnoll barely misses you.
The gnoll hits you with a +0 spear.
* * * LOW HITPOINT WARNING * * *
The gnoll hits you but does no damage. The ogre hits you with a +0 giant club.
* * * LOW HITPOINT WARNING * * *
The gnoll completely misses you. You furiously retaliate!
You headbutt the gnoll!
You kill the gnoll!
Trog accepts your kill.
Your skin crawls.
You feel strong-willed. The gnoll hits you but does no damage.
The ogre barely misses you.
You hit the gnoll. Your headbutt misses the gnoll.
The gnoll is moderately wounded.
You completely miss the ogre. The gnoll hits you with a +0 spear.
* * * LOW HITPOINT WARNING * * *
The gnoll barely misses you. The ogre hits you with a +0 giant club.
* * * LOW HITPOINT WARNING * * *
As you read the scroll of immolation, it crumbles to dust.
The creatures around you are filled with an inner flame!
The gnoll hits you with a +0 spear.
* * * LOW HITPOINT WARNING * * *
The ogre barely misses you.
You completely miss the gnoll.
Flame seeps out of the gnoll.
You headbutt the gnoll.
The gnoll is heavily wounded.
You hit the ogre but do no damage.
The gnoll is engulfed in blazing flames.
Trog accepts your kill.
The gnoll explodes!
The fiery explosion engulfs you.
* * * LOW HITPOINT WARNING * * *
The fiery explosion engulfs the ogre!!
Trog accepts your kill.
The ogre explodes!
The fiery explosion engulfs you.
You die...

# ########## #
#........# #
#........# # ####
#........# # ####..#
#........# # #.....#
#§§§.....# #
####.###.####§○§§....#
###)...#
#.##.>)@)§....#
.#..####
#.##.#.§§§....#♣ ...##
##....#.........♣~
#..#
#...###....<....~~
#..######.#.#
#####.~...~~
....<.....#.# ~~)...~
.........##.## ~P~...~
#..#####.##..##
~~~..~~ .)).##
#..)...## ~~....g


There were no monsters in sight!

Vanquished Creatures
  An ogre (D:4)
  A bullfrog (D:4)
  A scorpion (D:4)
  A howler monkey (D:4)
  An orc priest (D:4)
  A hound (D:4)
  An orc wizard (D:4)
  4 gnolls (D:4)
  3 adders (D:2)
  3 ribbon worms
  4 dart slugs
  7 orcs
  4 endoplasms
  3 giant cockroaches
  4 goblins
  2 hobgoblins
  8 kobolds
  3 quokkas
  7 ball pythons
  3 bats
  A frilled lizard (D:1)
  3 rats
66 creatures vanquished.

Notes
Turn   | Place    | Note
-------+----------+-------------------------------------------
     0 | D:1      | sizofrenicar the Minotaur Berserker began the quest for the
                  | Orb.
     0 | D:1      | Reached XP level 1. HP: 19/19 MP: 0/0
   364 | D:1      | Reached XP level 2. HP: 27/27 MP: 1/1
   698 | D:2      | Reached skill level 4 in Axes
   775 | D:2      | Reached XP level 3. HP: 31/34 MP: 2/2
  1025 | D:3      | Reached ** piety under Trog
  1322 | D:3      | Reached XP level 4. HP: 41/41 MP: 3/3
  1422 | D:3      | Found Atoics Linku's Magic Scroll Shoppe.
  1429 | D:3      | Bought a scroll of identify for 26 gold pieces
  1429 | D:3      | Bought a scroll of identify for 26 gold pieces
  1685 | D:3      | Found a runed translucent gate.
  1685 | D:3      | Found a runed translucent gate.
  1685 | D:3      | Found a runed translucent gate.
  1686 | D:3      | Noticed a kobold brigand
  1686 | D:3      | Noticed mihai's ghost (amateur DjFE)
  1768 | D:4      | Reached skill level 5 in Axes
  1769 | D:4      | Reached XP level 5. HP: 47/47 MP: 4/4
  2107 | D:4      | Reached skill level 6 in Axes
  2372 | D:4      | Reached skill level 5 in Fighting
  2372 | D:4      | Reached XP level 6. HP: 51/56 MP: 5/5
  2649 | D:4      | Killed by an exploding ogre... ignited by their inner flame

Illustrated notes

Levels and vault maps discovered:
D:1:      scummos_arrival_star, layout_loops_cross
D:2:      layout_rooms
D:3:      layout_rooms, gammafunk_ghost_nasty_kobolds, serial_shops,
          nicolae_shop_behind_doors, minmay_misc_feat_x
D:4:      layout_rooms, gup_sewer_entry_bowl, serial_bayou_ford_a

Skill      XL: |  1  2  3  4  5  6 |
---------------+-------------------+-----
Fighting       | 4 5 |  5.0
Axes           | 4 5 6 |  6.7
Armour         | 3 4 |  4.2
Dodging        | 3 |  3.0
Stealth        | |  0.6

Action                     |  1- 3 |  4- 6 || total
---------------------------+-------+-------++-------
  Melee: Hand axe          |    78 |    67 ||   145
         Headbutt          |     9 |    15 ||    24
         Punch             |       |     1 ||     1
 Invoke: Berserk           |     1 |     4 ||     5
         Trog's Hand       |       |     1 ||     1
    Use: Scroll            |       |     6 ||     6
 Armour: Chain mail        |    50 |    63 ||   113
         Skin              |     3 |       ||     3
  Dodge: Dodged            |    48 |    41 ||    89
